 Seeded DCSS version 0.27-a0-1500-g450c7e4133 (webtiles) character file.

Game seed: 20210707 (custom seed)

77 muata the Ruffian (level 4, 0/44 HPs)
             Began as a Troll Monk on July 7, 2021.
             Slain by an orc wizard (2 damage)
             ... on level 3 of the Dungeon.
             The game lasted 00:06:09 (1801 turns).

muata the Ruffian (Troll Monk)                      Turns: 1801, Time: 00:06:10

Health: 0/44       AC:  4    Str: 19    XL:     4   Next: 13%
Magic:  3/3        EV: 10    Int:  6    God:
Gold:   74         SH:  0    Dex: 13    Spells: 3/3 levels left

rFire    . . .     SeeInvis .     - Unarmed
rCold    . . .     Faith    .   (no shield)
rNeg     . . .     Spirit   .   a - +0 robe
rPois    .         Reflect  .   (helmet restricted)
rElec    .         Harm     .   (no cloak)
rCorr    .         Rampage  .   (gloves unavailable)
Will     .....                  (boots unavailable)
Stlth    ++........             (no amulet)
HPRegen  1.14/turn              (no ring)
MPRegen  0.08/turn              (no ring)

@: no status effects
A: large, unfitting armour, claws 3, regeneration 1, shaggy fur 1, tough skin 1
a: no special abilities


You were on level 3 of the Dungeon.
You visited 1 branch of the dungeon, and saw 3 of its levels.

You collected 74 gold pieces.

Inventory:

Armour
 a - a +0 robe (worn)
Jewellery
 g - a +6 ring of intelligence
 j - an amulet of regeneration
Wands
 h - a wand of iceblast (8)
Scrolls
 c - a scroll of fog {unknown}
 e - 3 scrolls of amnesia {unknown}
 f - 2 scrolls of fear {unknown}
 i - a scroll of identify {unknown}
Potions
 b - a potion of curing {unknown}
 d - a potion of lignification {unknown}
 k - a potion of attraction {unknown}
 l - a potion of flight {unknown}


   Skills:
 + Level 2.8 Fighting
 + Level 2.8 Dodging
 + Level 1.1 Stealth
 + Level 4.2 Unarmed Combat


You had 3 spell levels left.
You didn't know any spells.
Your spell library contained the following spells:

 Spells                   Type           Power      Damage    Failure   Level
 Sting                    Tmut/Pois      0%         1d3       45%         1
 Poisonous Vapours        Pois/Air       0%         N/A       58%         2
 Olgreb's Toxic Radiance  Pois           0%         N/A       99%         4


Dungeon Overview and Level Annotations

Branches:
Dungeon (3/15)

Altars:

Shops:
D:2 :


Innate Abilities, Weirdness & Mutations

You are too large for most types of armour.
You have claws for hands.
Your natural rate of healing is unusually fast.
You are covered in fur. (AC +1)
You have tough skin. (AC +1)


Message History

You closely miss the orc.
An orc comes into view. It is wielding a +0 club.
A puff of flame appears from out of thin air!
The puff of flame hits you. The orc hits you but does no damage.
You barely miss something. The orc hits you with a +0 falchion.
An orc wizard comes into view. It is wielding a +0 dagger.
You completely miss something.
You hear some strange, mumbled words.
A magic dart appears from out of thin air!
The magic dart hits you. The orc hits you but does no damage.
You miss something. Something hits you. The orc hits you with a +0 falchion.
You closely miss something. Something hits you.
You barely miss something. The orc closely misses you. Something hits you.
You miss something. The orc hits you but does no damage. Something hits you.
You miss something. The orc hits you with a +0 falchion. Something hits you.
You scratch something. The orc barely misses you. Something hits you.
You closely miss something. You claw something! The orc misses you.
Something hits you.
You closely miss something. The orc misses you.
You hear some strange, mumbled words.
A magic dart appears from out of thin air!
The magic dart hits you!
You completely miss something.
You hear some strange, mumbled words.
A puff of flame appears from out of thin air!
The puff of flame hits you!
* * * LOW HITPOINT WARNING * * *
You miss something. The orc hits you with a +0 falchion.
* * * LOW HITPOINT WARNING * * *
Something hits you but does no damage.
You miss something. The orc hits you with a +0 falchion.
* * * LOW HITPOINT WARNING * * *
You closely miss something. Something hits you but does no damage.
The orc hits you with a +0 falchion!
* * * LOW HITPOINT WARNING * * *
The orc wizard gestures wildly while chanting.
The orc wizard flickers and vanishes!
You barely miss something. Something hits you.
You die...

#.# #.# #.# #.# # #.#
#.# .# #.# #.##.# ###
#.# #.........# #..
##..#.##.#.# ##.
#######...#.##.#.# #.
.....g{@o)#....#.# #.
......##o......#.######.
..... +.................
.... ##{......#.######.
... ##........# ### ..
#####.#### #.. . ...#
#.# #.### #.# #. #.#


You could see 2 orcs and a hobgoblin.

Vanquished Creatures
  Terence (D:3)
  A gnoll (D:1)
  An orc (D:3)
  2 endoplasms
  4 giant cockroaches
  5 hobgoblins
  A jackal (D:2)
  8 ball pythons
  4 bats (D:1)
  A frilled lizard (D:1)
  4 goblins (D:1)
  4 kobolds
  6 rats
42 creatures vanquished.

Notes
Turn   | Place    | Note
-------+----------+-------------------------------------------
     0 | D:1      | muata the Troll Monk began the quest for the Orb.
     0 | D:1      | Reached XP level 1. HP: 22/22 MP: 0/0
    44 | D:1      | Found a faded altar of an unknown god.
    45 | D:1      | Noticed a shining eye
    52 | D:1      | Noticed a golden eye
    55 | D:1      | Noticed an eye of devastation
    55 | D:1      | Noticed a great orb of eyes
   287 | D:1      | Reached XP level 2. HP: 29/29 MP: 1/1
   491 | D:1      | Reached XP level 3. HP: 36/36 MP: 2/2
  1126 | D:2      | Found Tuate's Book Shoppe.
  1641 | D:3      | Noticed Terence
  1655 | D:3      | Killed Terence
  1656 | D:3      | Reached skill level 4 in Unarmed Combat
  1656 | D:3      | Reached XP level 4. HP: 35/44 MP: 3/3
  1800 | D:3      | HP: 1/44 [orc (7)]
  1801 | D:3      | Slain by an orc wizard

Illustrated notes

Levels and vault maps discovered:
D:1:      sevenhm_arrival_forest_fort_small_3, layout_basic, serial_glass,
          glass_columns_a, glass_columns_b, glass_columns_a, glass_columns_a,
          hellmonk_ecumenical_altar_watching_god
D:2:      minmay_evil_eye, layout_loops_ring, serial_shops,
          nicolae_shop_window_shopping
D:3:      cheibrodos_pilgrimage, layout_loops_corners, uniq_terence

Skill      XL: |  1  2  3 |
---------------+----------+-----
Unarmed Combat | 4 |  4.2
Fighting       | |  2.8
Dodging        | |  2.8
Stealth        | |  1.1

Action                   |  1- 3 |  4- 6 || total
-------------------------+-------+-------++-------
Melee: Unarmed           |   102 |    24 ||   126
       Punch             |     1 |     1 ||     2
 Stab: Sleeping          |     3 |       ||     3
Armor: Robe              |    33 |     6 ||    39
Dodge: Dodged            |    47 |     6 ||    53

Table legend: (Time is in decaauts)
 A = Elapsed time spent in this place.
 B = Non-inter-level travel time spent in this place.
 C = Inter-level travel time spent in this place.
 D = Time resting spent in this place.
 E = Time spent auto-exploring this place.
 F = Levels seen in this place.
 G = Mean time per level.
                   A        B        C        D        E       F      G
               +--------+--------+--------+--------+--------+-----+--------+
         Total |   1792 |   1731 |     61 |      0 |   1372 |   3 |  597.3 |
       Dungeon |   1792 |   1731 |     61 |      0 |   1372 |   3 |  597.3 |
               +--------+--------+--------+--------+--------+-----+--------+

Top non-repeatable levels by time:
     D:2: 825 daAuts
     D:1: 763 daAuts
     D:3: 202 daAuts
